 Dungeon Crawl Stone Soup version 0.29-a0-473-gacb4ef3bc5 (webtiles) character file.

Game seed: 737404242494965480

41 Lekart the Skirmisher (level 3, -5/33 HPs)
             Began as a Draconian Chaos Knight on May 23, 2022.
             Was a Plaything of Xom.
             Slain by Sigmund
             ... wielding a +0 scythe
              (10 damage)
             ... on level 3 of the Dungeon.
             The game lasted 00:02:02 (1466 turns).

Lekart the Skirmisher (Draconian Chaos Knight)      Turns: 1466, Time: 00:02:03

Health: -5/33      AC:  7    Str: 14    XL:     3   Next: 32%
Magic:  2/2        EV: 12    Int: 14    God:    Xom [....*.]
Gold:   78         SH:  0    Dex: 12    Spells: 2/2 levels left

rFire   . . .      SeeInvis .   a - +1 falchion (chaos)
rCold   . . .      Faith    .   (no shield)
rNeg    . . .      Spirit   .   (body armour unavailable)
rPois   .          Reflect  .   (helmet restricted)
rElec   .          Harm     .   (no cloak)
rCorr   .          Rampage  .   (no gloves)
Will    .....      Clarity  +   d - +1 pair of boots
Stlth   +.........              (no amulet)
HPRegen 0.11/turn               (no ring)
MPRegen 0.08/turn               (no ring)

@: no status effects
A: AC +5, unfitting armour, cold-blooded, clarity, clever 1, deterioration 1,
low MP 1, sense surroundings 1
a: Renounce Religion


You were on level 3 of the Dungeon.
You worshipped Xom.
You were a beloved toy of Xom.
You visited 1 branch of the dungeon, and saw 3 of its levels.

You collected 113 gold pieces.
You spent 35 gold pieces at shops.

Inventory:

Hand Weapons
 a - a +1 falchion of chaos (weapon)
Armour
 d - a +1 pair of boots (worn)
Jewellery
 j - a ring of see invisible
Scrolls
 g - a scroll of magic mapping
 i - a scroll of teleportation
 k - a scroll of identify {unknown}
Potions
 c - 2 potions of magic {unknown}
 e - a potion of cancellation {unknown}
 f - 2 potions of heal wounds {unknown}
 h - a potion of might {unknown}
Miscellaneous
 b - a piece from Xom's chessboard (15/15) (quivered)


   Skills:
 + Level 3.9 Fighting
 + Level 3.7 Long Blades
 + Level 2.5 Dodging


You had 2 spell levels left.
You didn't know any spells.
Your spell library was empty.

Dungeon Overview and Level Annotations

Branches:
Dungeon (3/15)

Altars:
Ashenzari
Xom

Shops:
D:2 ?

Annotations:
D:2 Natasha
D:3 Sigmund


Innate Abilities, Weirdness & Mutations

Your plain brown scales are hard. (AC +5)
You cannot fit into any form of body armour.
You are cold-blooded and may be slowed by cold attacks.
You possess an exceptional clarity of mind.
Your mind is acute. (Int +2)
Your body sometimes deteriorates upon taking damage.
Your magical capacity is low. (-10% MP)
You passively map a small area around you.


Message History

The adder hisses angrily.
There are monsters nearby!
Sigmund barely misses you.
You hit Sigmund.
Sigmund is poisoned.
You tail-slap Sigmund.
Sigmund is lightly wounded.
Sigmund gestures at you while chanting.
You feel momentarily confused.
You closely miss Sigmund.
Sigmund is lightly wounded.
Sigmund gestures at you while chanting. The puff of flame hits you.
The adder closely misses you.
You barely miss Sigmund.
You tail-slap Sigmund, but do no damage.
Sigmund is lightly wounded.
The adder bites you but does no damage. Sigmund hits you with a +0 scythe!
You are too injured to fight recklessly!
Unknown command.
The adder closely misses you. Sigmund barely misses you.
The adder attacks as you move away! The adder completely misses you.
You see here 11 gold pieces.
The adder attacks as you move away! The adder misses you.
Sigmund mumbles some strange words.
Sigmund flickers and vanishes!
Deactivating autopickup; reactivate with Ctrl-A.
The adder bites you.
You hit the adder.
The adder is lightly wounded.
The adder misses you.
You barely miss the adder.
The adder is lightly wounded.
The adder bites you but does no damage. The adder bites you.
You closely miss the adder.
Your tail-slap misses the adder.
The adder is lightly wounded.
Something hits you!
* * * LOW HITPOINT WARNING * * *
The adder bites you but does no damage.
You barely miss the adder.
Your tail-slap misses the adder.
The adder is lightly wounded.
The adder bites you but does no damage. Something hits you!
You die...

..$......♣♣..♣♣..# #........
.........♣..♣♣...###........
........♣♣..♣♣.#..##........
........♣♣..♣......#.....)..
........♣..♣♣...............
........$.......<...##..##.#
........>..............#...#
..........S..............##.
###########@................
####................
#........#######.#.#
.###..†.# *.#.# ,,,*##....#
## # * , #...#.# *
##.#.#.##### * ,# *
##..#........ ..,
##......)..., ,


You could see an adder.

Vanquished Creatures
  2 dart slugs
  4 ball pythons
  An endoplasm (D:1)
  3 giant cockroaches (D:2)
  A goblin (D:1)
  7 hobgoblins
  4 jackals (D:1)
  A kobold (D:3)
  A quokka (D:3)
  A bat (D:2)
  A frilled lizard (D:3)
  4 rats
30 creatures vanquished.

Vanquished Creatures (collateral kills)
  A goblin (D:2)
1 creature vanquished.

Vanquished Creatures (others)
  A ball python zombie (D:2)
  A plant (D:3)
2 creatures vanquished.

Grand Total: 33 creatures vanquished

Notes
Turn   | Place    | Note
-------+----------+-------------------------------------------
     0 | D:1      | Lekart the Draconian Chaos Knight began the quest for the
                  | Orb.
     0 | D:1      | Reached XP level 1. HP: 19/19 MP: 1/1
     6 | D:1      | Noticed a komodo dragon
     6 | D:1      | Noticed a tyrant leech
     6 | D:1      | Noticed an imperial myrmidon
     7 | D:1      | Noticed an ettin
   237 | D:1      | You fall into a shaft and drop 1 floor!
   264 | D:2      | Reached XP level 2. HP: 26/26 MP: 2/2
   325 | D:2      | Found Mysaopn's Magic Scroll Shoppe.
   424 | D:2      | Bought a scroll of magic mapping for 35 gold pieces
   493 | D:2      | XOM: potion effect (berserk rage)
   542 | D:2      | XOM: give mutations
   542 | D:2      | Gained mutation: You possess an exceptional clarity of
                  | mind. [Xom's grace]
   542 | D:2      | Gained mutation: You passively map a small area around you.
                  | [Xom's grace]
   542 | D:2      | Gained mutation: Your mind is acute. (Int +2) [Xom's grace]
   599 | D:2      | Noticed Natasha
   613 | D:2      | Noticed a crimson imp
   744 | D:2      | XOM: scenery: create altars
   921 | D:1      | XOM: give mutations
   921 | D:1      | Gained mutation: Your magical capacity is low. (-10% MP)
                  | [Xom's mischief]
   921 | D:1      | Gained mutation: You are clumsy. (Dex -2) [Xom's mischief]
   921 | D:1      | Lost mutation: You are clumsy. (Dex -2) [Xom's mischief]
   921 | D:1      | Gained mutation: Your body sometimes deteriorates upon
                  | taking damage. [Xom's mischief]
   968 | D:1      | XOM: cloud trail
   993 | D:1      | XOM: 2-stop teleportation journey
   995 | D:1      | XOM: smoke on damage
  1000 | D:1      | Reached XP level 3. HP: 28/33 MP: 2/2
  1063 | D:1      | XOM: divination: magic mapping
  1453 | D:3      | Found a broken altar of Ashenzari.
  1453 | D:3      | Noticed Sigmund
  1466 | D:3      | Slain by Sigmund

Illustrated notes

Levels and vault maps discovered:
D:1:      onia_arrival_zoo_common, layout_loops_ring
D:2:      layout_rooms, serial_shops, nicolae_shop_waterfront, uniq_natasha
D:3:      corexii_shack_village, layout_rooms,
          mainiacjoe_overflow_catch_the_wave,
          hellmonk_ecumenical_altar_crossroads, uniq_sigmund

Action                   || total
-------------------------++-------
Melee: Falchion          ||    87
       Tailslap          ||     9
  Use: Scroll            ||     3
 Stab: Sleeping          ||     1
Armor: Skin              ||    40
Dodge: Dodged            ||    68

Table legend: (Time is in decaauts)
 A = Elapsed time spent in this place.
 B = Non-inter-level travel time spent in this place.
 C = Inter-level travel time spent in this place.
 D = Time resting spent in this place.
 E = Time spent auto-exploring this place.
 F = Levels seen in this place.
 G = Mean time per level.
                   A        B        C        D        E       F      G
               +--------+--------+--------+--------+--------+-----+--------+
         Total |   1484 |   1471 |     13 |    251 |    969 |   3 |  494.7 |
       Dungeon |   1484 |   1471 |     13 |    251 |    969 |   3 |  494.7 |
               +--------+--------+--------+--------+--------+-----+--------+

Top non-repeatable levels by time:
     D:1: 737 daAuts
     D:2: 670 daAuts
     D:3: 76 daAuts
